 Dungeon Crawl Stone Soup version 0.26.1-2-gb8aa6d0cf2 (webtiles) character file.

Game seed: 13069519351570868821

915 ubername the Magician (level 7, -3/52 (56) HPs)
             Began as a Purple Draconian Hedge Wizard on Mar 16, 2021.
             Was a Follower of Kikubaaqudgha.
             Slain by an orc warrior
             ... wielding a cursed -1 dire flail
              (19 damage)
             ... on level 5 of the Dungeon.
             The game lasted 00:17:35 (7975 turns).

ubername the Magician (DrWz)                        Turns: 7975, Time: 00:17:36

HP:   -3/52 (56)    AC:  8    Str: 12    XL:     7   Next: 82%
MP:   11/15         EV: 13    Int: 16    God:    Kikubaaqudgha [*.....]
Gold: 421           SH:  0    Dex: 11    Spells: 16/17 levels left

rFire    . . .     SeeInvis .   g - +2 short sword (venom)
rCold    . . .     Faith    .   (no shield)
rNeg     . . .     Spirit   .   (armour unavailable)
rPois    .         Reflect  .   b - +0 hat
rElec    .         Harm     .   s - +0 cloak
rCorr    .         Rampage  .   r - +0 pair of gloves
Will     +....                  (no boots)
Stlth    ++........             (no amulet)
HPRegen  0.17/turn              (no ring)
MPRegen  0.14/turn              (no ring)

@: drained
A: breathe power, unfitting armour, cold-blooded, AC +6
a: Breathe Dispelling Energy, Renounce Religion, Receive Corpses


You were on level 5 of the Dungeon.
You worshipped Kikubaaqudgha.
Kikubaaqudgha was aware of your devotion.
You visited 1 branch of the dungeon, and saw 6 of its levels.

You collected 421 gold pieces.

Inventory:

Hand Weapons
 a - a +0 dagger
 d - a +3 hunting sling
 e - a +3 quarterstaff of chaos
 g - a +2 short sword of venom (weapon)
 m - a cursed -1 dagger
Missiles
 f - 5 poisoned darts
 h - 194 stones
Armour
 b - a +0 hat (worn)
 r - a +0 pair of gloves (worn)
 s - a +0 cloak (worn)
Jewellery
 c - an uncursed ring of stealth {unknown}
 l - a +6 ring of dexterity
 n - a cursed ring of teleportation {unknown}
 t - a cursed ring of teleportation {unknown}
Wands
 z - a wand of polymorph (7)
Scrolls
 j - 8 scrolls of identify
 p - a scroll of enchant weapon
 q - 3 scrolls of remove curse
 u - a scroll of fear {unknown}
 y - a scroll of fog
Potions
 i - 2 potions of degeneration {unknown}
 k - 2 potions of attraction {unknown}
 o - a potion of resistance {unknown}
 v - a potion of ambrosia {unknown}
 w - a potion of mutation {unknown}
 x - a potion of brilliance


   Skills:
 + Level 2.7 Fighting
 + Level 4.6 Short Blades
 + Level 3.7 Dodging
 + Level 3.1 Stealth
 + Level 5.7 Spellcasting
 + Level 3.2 Conjurations
 + Level 1.0 Summonings
 + Level 1.0 Translocations


You had 16 spell levels left.
You knew the following spells:

 Your Spells              Type           Power        Failure   Level
a - Magic Dart            Conj           60%          3%          1

Your spell library contained the following spells:

 Spells                   Type           Power        Failure   Level
 Summon Small Mammal      Summ           28%          10%         1
 Animate Skeleton         Necr           8%           14%         1
 Pain                     Necr           16%          14%         1
 Blink                    Tloc           N/A          14%         2
 Call Imp                 Summ           7%           14%         2
 Slow                     Hex            4%           22%         2
 Sublimation of Blood     Necr           2%           22%         2
 Conjure Flame            Conj/Fire      9%           22%         3
 Mephitic Cloud           Conj/Pois/Air  8%           26%         3
 Call Canine Familiar     Summ           7%           28%         3
 Summon Guardian Golem    Hex/Summ       6%           34%         3
 Vampiric Draining        Necr           2%           38%         3
 Summon Ice Beast         Ice/Summ       6%           75%         4
 Summon Lightning Spire   Summ/Air       6%           75%         4


Dungeon Overview and Level Annotations

Branches:
Dungeon (6/15)
 Temple: D:4-7

Altars:
Elyvilon
Fedhas
Kikubaaqudgha
Makhleb
Ru
Sif Muna
Trog
Uskayaw
Xom

Shops:
D:4 (   D:5 (


Innate Abilities, Weirdness & Mutations

You can breathe bolts of dispelling energy.
Your rich purple scales are hard. (AC +6)
You cannot fit into any form of body armour.
You are cold-blooded and may be slowed by cold attacks.


Message History

The orc warrior throws a stone.
The stone hits you!
The orc warrior throws a stone.
The stone misses you.
The orc warrior hits you with a cursed -1 dire flail!!
* * * LOW HITPOINT WARNING * * *
There is a stone staircase leading up, spattered with blood here.
You see here a stone.
The orc warrior closely misses you.
You climb upwards.
There is a stone staircase leading down, spattered with blood here.
You hit the orc warrior but do no damage.
You tail-slap the orc warrior, but do no damage.
The orc warrior is severely wounded.
You closely miss the orc warrior.
The orc warrior is severely wounded.
The orc warrior closely misses you.
You barely miss the orc warrior.
The orc warrior is severely wounded.
The orc warrior hits you with a cursed -1 dire flail!!
You die...
Kikubaaqudgha rasps: "You have failed me!
Welcome... death!"

#....#..# #..# #.# #....#
#...##..####.###'###..#####
#...##...##....'_'...###...
#...##.#.....#######.....##
###.##.###...# ### #..#####
#.#..# #...#######.......
#.#..###.#.........###...
#.##....o..........#...##
#.##.#..@[...........####
#.......[##..........# ##
####....###..........###.
#.#### #..........##.. #.#
#........#.##.# ###
#...........#.#
#########.#≈≈≈# #.≈≈≈≈≈
#...∩≈≈


You could see an orc warrior.

Vanquished Creatures
  An ice beast (D:5)
  An ogre (D:4)
  A necrophage (D:5)
  3 wights
  4 orc wizards
  Crazy Yiuf (D:4)
  An orc priest (D:3)
  3 iguanas
  3 worker ants
  A hound skeleton (D:5)
  A gnoll (D:6)
  8 adders
  A shadow imp (D:5)
  An ufetubus (D:5)
  3 oozes
  An adder skeleton (D:5)
  A worm (D:3)
  A dart slug (D:4)
  2 leopard geckos
  5 orcs
  6 bats
  7 giant cockroaches
  5 goblins
  7 hobgoblins
  4 jackals
  A quokka (D:2)
  4 ball pythons
  6 frilled lizards
  9 kobolds
  2 leopard gecko skeletons
  A quokka skeleton (D:5)
  6 rats
101 creatures vanquished.

Vanquished Creatures (others)
  An orc (D:6)
1 creature vanquished.

Grand Total: 102 creatures vanquished

Notes
Turn   | Place    | Note
-------+----------+-------------------------------------------
     0 | D:1      | ubername the Draconian Hedge Wizard began the quest for the
                  | Orb.
     0 | D:1      | Reached XP level 1. HP: 14/14 MP: 4/4
   251 | D:1      | Reached XP level 2. HP: 17/20 MP: 6/6
  1003 | D:2      | Found a hide-covered altar of Uskayaw.
  1003 | D:2      | Noticed a +0 hand axe
  1003 | D:2      | Noticed a +0 dagger
  1258 | D:2      | Reached XP level 3. HP: 26/26 MP: 8/8
  1545 | D:2      | Reached skill level 1 in Short Blades
  2485 | D:2      | Reached XP level 4. HP: 7/34 MP: 1/9
  2879 | D:3      | Found a blossoming altar of Fedhas.
  3830 | D:3      | Found an ancient bone altar of Kikubaaqudgha.
  3847 | D:3      | Became a worshipper of Kikubaaqudgha
  4002 | D:3      | Reached XP level 5. HP: 36/39 MP: 4/10
  4305 | D:3      | Reached skill level 4 in Spellcasting
  4358 | D:3      | Reached skill level 1 in Fighting
  4609 | D:3      | Found a white marble altar of Elyvilon.
  4835 | D:3      | Found a bloodstained altar of Trog.
  5076 | D:4      | Reached XP level 6. HP: 46/47 MP: 9/12
  5640 | D:4      | Found a runed translucent door.
  5641 | D:4      | Noticed Crazy Yiuf
  5652 | D:4      | HP: 2/48 [Crazy Yiuf/+3 quarterstaff of chaos (17)]
  5653 | D:4      | Killed Crazy Yiuf
  6002 | D:4      | Found Heonorpho's Weapon Shop.
  6343 | D:5      | Entered Level 5 of the Dungeon
  6361 | D:5      | Found a sacrificial altar of Ru.
  6484 | D:5      | Your scales start taking on a rich purple colour.
  6484 | D:5      | Reached skill level 5 in Spellcasting
  6484 | D:5      | Reached XP level 7. HP: 53/53 MP: 15/15
  6508 | D:5      | Found a shimmering altar of Xom.
  6688 | D:5      | Reached * piety under Kikubaaqudgha
  6688 | D:5      | Identified Kikubaaqudgha's Compendium of Necromancy
                  | (Kikubaaqudgha gifted it to you on level 5 of the Dungeon)
  6688 | D:5      | Received a gift from Kikubaaqudgha
  7147 | D:5      | Found a burning altar of Makhleb.
  7147 | D:5      | Noticed a green death
  7365 | D:5      | Found a shimmering blue altar of Sif Muna.
  7487 | D:5      | Found Abeuho's Weapon Boutique.
  7975 | D:5      | Slain by an orc warrior

Illustrated notes

Levels and vault maps discovered:
D:1:      mushboom_english_gardens, layout_loops_ring
D:2:      layout_loops_corners, dancing_weapons_uskayaw
D:3:      layout_basic, marbit_many_paths, overflow_temple_1_default,
          lightli_temple_of_fire, fedhas_altar_2, hangedman_decor_growths
D:4:      cheibrodos_quashed, layout_loops_corners, serial_shops,
          kennysheep_mini, kennysheep_cross_room, uniq_crazy_yiuf_cottage
D:5:      layout_rooms, lemuel_doored_altar, general_overflow_altar,
          nicolae_ru_path_of_blood, serial_shops, nicolae_shop_waterfront,
          makhleb_altar_promises_db
D:6:      layout_loops_cross, grunt_temple_overflow_holy_war, nicolae_wand_duel

Skill      XL: |  1  2  3  4  5  6  7 |
---------------+----------------------+-----
Stealth        | 2 3 |  3.1
Dodging        | 2 3 |  3.7
Short Blades   | 1 2 3 4 |  4.6
Conjurations   | 2 3 |  3.2
Spellcasting   | 4 5 |  5.7
Fighting       | 1 2 |  2.7
Summonings     | |  1.0
Translocations | |  1.0

Action                   |  1- 3 |  4- 6 |  7- 9 || total
-------------------------+-------+-------+-------++-------
Melee: Dagger            |   146 |       |       ||   146
       Tailslap          |    12 |    11 |    15 ||    38
       Short sword       |       |    98 |   106 ||   204
 Cast: Magic Dart        |    47 |    76 |    25 ||   148
 Abil: Breathe Dispellin |       |       |     2 ||     2
  Use: Scroll            |       |     8 |       ||     8
       Potion            |       |     5 |       ||     5
 Stab: Sleeping          |     4 |     1 |       ||     5
Armor: Skin              |    57 |    36 |    34 ||   127
Dodge: Dodged            |   101 |    78 |    70 ||   249
